 Dungeon Crawl Stone Soup version 0.26-a0-690-gcb57259078 (webtiles) character file.

Game seed: 11184369941754329834

1596 jasper the Cruncher (level 9, 0/65 HPs)
             Began as a Formicid Fighter on Oct 24, 2020.
             Was an Initiate of Ashenzari.
             Slain by an ogre
             ... wielding a +0 giant club
              (18 damage)
             ... on level 6 of the Dungeon.
             The game lasted 00:06:32 (5351 turns).

jasper the Cruncher (Formicid Fighter)              Turns: 5351, Time: 00:06:33

Health: 0/65       AC: 12    Str: 23    XL:     9   Next: 15%
Magic:  9/9        EV:  8    Int:  9    God:    Ashenzari [......]
Gold:   214        SH: 10    Dex: 10    Spells: 8/8 levels left

rFire    x . .     SeeInvis +   B - +4 quarterstaff (chaos) (curse)
rCold    + + .     Faith    .   c - +0 kite shield (curse)
rNeg     . . .     Spirit   .   k - +0 scale mail {rC+}
rPois    .         Reflect  .   (helmet unavailable)
rElec    .         Harm     .   C - +0 cloak
rCorr    .         Rampage  .   (no gloves)
MR       .....                  (no boots)
Stlth    ..........             f - amulet of magic regeneration
HPRegen  0.20/turn              j - +4 ring of protection
MPRegen  0.36/turn              p - ring of ice

@: no status effects
A: permanent stasis, dig shafts and tunnels, four strong arms, antennae 3
a: Dig, Shaft Self, Curse Item, Renounce Religion


You were on level 6 of the Dungeon.
You worshipped Ashenzari.
Ashenzari was noncommittal.
You visited 2 branches of the dungeon, and saw 7 of its levels.

You collected 214 gold pieces.

Inventory:

Hand Weapons
 a - a +0 quarterstaff
 B - a cursed +4 quarterstaff of chaos (weapon)
Missiles
 e - 230 stones (quivered)
 n - 7 curare-tipped darts
Armour
 b - a +0 scale mail
 c - a cursed +0 kite shield (worn)
 k - a +0 scale mail of cold resistance (worn)
 C - a +0 cloak (worn)
Jewellery
 f - an amulet of magic regeneration (around neck)
 j - a +4 ring of protection (left hand)
 p - a ring of ice (right hand)
Wands
 o - a wand of disintegration (11)
 r - a wand of digging (4)
 s - a wand of enslavement (1)
Scrolls
 h - 2 scrolls of immolation
 i - 2 scrolls of remove curse
 l - 2 scrolls of fog {unknown}
 q - a scroll of noise {unknown}
 t - a scroll of enchant weapon {unknown}
 u - 2 scrolls of identify {unknown}
 w - a scroll of enchant armour {unknown}
 x - a scroll of fear {unknown}
 y - a scroll of random uselessness {unknown}
 z - 2 scrolls of teleportation {unknown}
 A - a scroll of amnesia {unknown}
Potions
 d - 2 potions of lignification {unknown}
 g - 4 potions of heal wounds {unknown}
 m - 6 potions of curing {unknown}
 v - 3 potions of haste {unknown}
 D - a potion of resistance {unknown}
 E - a potion of flight {unknown}


   Skills:
 + Level 4.0 Fighting
 - Level 10.0 Staves
 + Level 4.0 Armour
 * Level 5.2 Shields
 + Level 2.0 Evocations


You had 8 spell levels left.
You didn't know any spells.
Your spell library contained the following spells:

 Spells                   Type           Power        Failure   Level
 Foxfire                  Conj/Fire      #...         92%         1
 Conjure Flame            Conj/Fire      #.......     100%        3
 Inner Flame              Hex/Fire       #.......     100%        3
 Sticky Flame             Conj/Fire      #.......     100%        4
 Fireball                 Conj/Fire      #.........   100%        5


Dungeon Overview and Level Annotations

Branches:
Dungeon (6/15)             Temple (1/1) D:6

Altars:
Ashenzari
Cheibriados
Dithmenos
Fedhas
Hepliaklqana
Kikubaaqudgha
Nemelex Xobeh
Okawaru
Ru
Sif Muna
Trog
Uskayaw
Wu Jian
Xom
Yredelemnul
Zin
The Shining One

Annotations:
D:5 2 runed translucent doors, kd29's ghost, novice GnWr


Innate Abilities, Weirdness & Mutations

You cannot be hasted, slowed, berserked, paralysed or teleported.
You can dig through walls and to a lower floor.
Your four strong arms can wield two-handed weapons with a shield.
You have a pair of large antennae on your head. (SInv)


Message History

The ogre hits you but does no damage.
You hit the ogre.
The ogre goes berserk!
The ogre is severely wounded.
You hit the ogre. You burn the ogre.
The ogre is severely wounded.
The ogre hits you with a +0 giant club!!!
Ouch! That really hurt!
The ogre hits you with a +0 giant club.
* * * LOW HITPOINT WARNING * * *
You take 48 damage, and have 17/65 hp.
MASSIVE DAMAGE!!
You are too injured to fight recklessly!
You see here a scroll labeled ZOMUNE ISIPSA.
You barely miss the ogre.
The ogre is severely wounded.
You block the ogre's attack.
Okay, then.
Your scale mail prevents you from hitting the ogre.
The ogre is severely wounded.
The ogre hits you with a +0 giant club!!
You die...

#....# #.# #.######.##
# ##.## #.... #.
...#...####..## #.
#...........## #.###
###...#####.##
#####...# ##.###...###
........# #.# #.⌠.# #
##@## #.###...###
##.O.## #..........
####.....####..⌠..>..⌠.
#......................
#.##..(.†########...###
# ##...## #.⌠.# # ##(..
#...### ...### ###....
##### #####


You could see an ogre (berserk, very poisoned).

Vanquished Creatures
  Grinder (D:3)
  Eustachio (D:4)
  Menkaure (D:5)
  A sky beast (D:5)
  A phantom (D:5)
  An ogre (D:4)
  A necrophage (D:6)
  Blork the orc (D:5)
  2 scorpions (D:6)
  3 wights (D:6)
  Crazy Yiuf (D:4)
  A hound (D:6)
  An orc priest (D:3)
  2 iguanas (D:5)
  2 orc wizards (D:3)
  5 worker ants
  A howler monkey zombie (D:6)
  A worker ant zombie (D:5)
  9 adders
  A white imp (D:6)
  2 ufetubi
  An adder skeleton (D:4)
  A worm (D:2)
  3 dart slugs
  2 leopard geckos
  5 orcs
  4 bats (D:1)
  2 giant cockroaches (D:3)
  8 goblins
  4 hobgoblins
  10 jackals
  2 kobolds (D:1)
  A quokka (D:4)
  2 ball pythons
  4 frilled lizards
  A jackal zombie (D:5)
  2 leopard gecko skeletons (D:5)
  A leopard gecko zombie (D:6)
  A quokka zombie (D:5)
  3 rats
  A spectral orc (D:4)
97 creatures vanquished.

Notes
Turn   | Place    | Note
-------+----------+-------------------------------------------
     0 | D:1      | jasper the Formicid Fighter began the quest for the Orb.
     0 | D:1      | Reached XP level 1. HP: 18/18 MP: 1/1
   321 | D:1      | Reached XP level 2. HP: 24/24 MP: 2/2
   546 | D:1      | Reached skill level 3 in Staves
   968 | D:2      | Reached XP level 3. HP: 27/29 MP: 3/3
  1014 | D:2      | Found a shadowy altar of Dithmenos.
  1601 | D:3      | Noticed Grinder
  1605 | D:3      | Killed Grinder
  1605 | D:3      | Reached skill level 6 in Staves
  1605 | D:3      | Reached XP level 4. HP: 35/35 MP: 4/4
  1605 | D:3      | Reached XP level 5. HP: 41/41 MP: 5/5
  1605 | D:3      | Reached XP level 6. HP: 47/47 MP: 6/6
  1856 | D:3      | You fall into a shaft and drop 2 floors!
  1856 | D:5      | Entered Level 5 of the Dungeon
  1890 | D:5      | Noticed a sky beast
  1902 | D:5      | Killed a sky beast
  1902 | D:5      | Reached skill level 7 in Staves
  1902 | D:5      | Reached XP level 7. HP: 52/52 MP: 7/7
  1983 | D:5      | Noticed Blork the orc
  1983 | D:5      | Noticed Menkaure
  1987 | D:5      | Killed Menkaure
  1995 | D:5      | Killed Blork the orc
  1995 | D:5      | Reached skill level 8 in Staves
  2513 | D:3      | Reached XP level 8. HP: 36/58 MP: 8/8
  3214 | D:4      | Found an ornate altar of the Wu Jian Council.
  3228 | D:4      | Reached skill level 9 in Staves
  3305 | D:4      | Noticed Eustachio
  3335 | D:4      | Killed Eustachio
  3439 | D:4      | Found a blossoming altar of Fedhas.
  3691 | D:4      | Found a basalt altar of Yredelemnul.
  3780 | D:4      | Found a hide-covered altar of Uskayaw.
  3804 | D:4      | Found a broken altar of Ashenzari.
  3833 | D:4      | Found a runed translucent door.
  3834 | D:4      | Noticed Crazy Yiuf
  3843 | D:4      | Killed Crazy Yiuf
  3874 | D:4      | Became a worshipper of Ashenzari the Shackled
  4100 | D:5      | Found a large runed translucent door.
  4100 | D:5      | Found a large runed translucent door.
  4102 | D:5      | Noticed kd29's ghost (novice GnWr)
  4439 | D:6      | Reached skill level 10 in Staves
  4760 | D:6      | Reached skill level 1 in Evocations
  4915 | D:6      | Found a hazy altar of Hepliaklqana.
  4919 | D:6      | Reached XP level 9. HP: 65/65 MP: 9/9
  5091 | D:6      | Found a staircase to the Ecumenical Temple.
  5094 | D:6      | Reached skill level 5 in Shields
  5120 | Temple   | Entered the Ecumenical Temple
  5351 | D:6      | Slain by an ogre

Illustrated notes

Levels and vault maps discovered:
D:1:      wheals_arrival_linesprint, layout_basic
D:2:      layout_loops_ring, grunt_dithmenos_smoke_and_mirrors
D:3:      layout_basic, uniq_grinder
D:4:      layout_rooms, lemuel_doored_altar, eat_drink_and_be_merry_uskayaw,
          kennysheep_mini, yredelemnul_forgotten_temple_becter, fedhas_altar_3,
          uniq_eustachio, uniq_crazy_yiuf_cottage
D:5:      layout_basic, ebering_ghost_disaster_area, uniq_blork_the_orc,
          uniq_menkaure
D:6:      layout_loops_ring, lemuel_round_altar, minmay_temple_entry_junction
Temple:   jpeg_temple_clearing

Skill      XL: |  1  2  3  4  5  6  7  8  9 |
---------------+----------------------------+-----
Staves         | 3 6 7 8 10 | 10.0
Shields        | 4 5 |  5.2
Evocations     | 1 2 |  2.0
Fighting       | 4 |  4.0
Armour         | 4 |  4.0

Action                   |  1- 3 |  4- 6 |  7- 9 || total
-------------------------+-------+-------+-------++-------
Melee: Quarterstaff      |    76 |    33 |   250 ||   359
Throw: Stone             |     3 |     4 |    31 ||    38
Invok: Curse Item        |       |       |     2 ||     2
Evoke: Wand              |       |       |     6 ||     6
  Use: Potion            |     1 |       |     1 ||     2
       Scroll            |       |       |     1 ||     1
 Stab: Paralysed         |       |       |     3 ||     3
Armor: Scale mail        |    38 |    11 |   108 ||   157
Dodge: Dodged            |    30 |     5 |    80 ||   115
Block: Kite shield       |    51 |    11 |   110 ||   172

Table legend: (Time is in decaauts)
 A = Elapsed time spent in this place.
 B = Non-inter-level travel time spent in this place.
 C = Inter-level travel time spent in this place.
 D = Time resting spent in this place.
 E = Time spent auto-exploring this place.
 F = Levels seen in this place.
 G = Mean time per level.
                   A        B        C        D        E       F      G
               +--------+--------+--------+--------+--------+-----+--------+
         Total |   5353 |   5094 |    259 |    409 |   3883 |   7 |  764.7 |
       Dungeon |   5218 |   4977 |    241 |    409 |   3767 |   6 |  869.7 |
        Temple |    135 |    117 |     18 |      0 |    116 |   1 |  135.0 |
               +--------+--------+--------+--------+--------+-----+--------+

Top non-repeatable levels by time:
     D:3: 1094 daAuts
     D:1: 945 daAuts
     D:5: 939 daAuts
     D:4: 808 daAuts
     D:6: 777 daAuts
     D:2: 652 daAuts
  Temple: 135 daAuts
